 Dungeon Crawl Stone Soup version 0.19.1-1-g22dce08 (webtiles) character file.

405 HessuHobo the Destroyer (level 6, 0/32 HPs)
             Began as a Deep Elf Conjurer on Dec 28, 2016.
             Slain by marsu's ghost (6 damage)
             ... on level 3 of the Dungeon.
             The game lasted 00:09:21 (4229 turns).

HessuHobo the Destroyer (Deep Elf Conjurer)         Turns: 4229, Time: 00:09:22

Health: 0/32       AC:  4    Str:  7    XL:     6   Next: 56%
Magic:  3/12       EV: 13    Int: 20    God:
Gold:   102        SH:  0    Dex: 15    Spells: 3 memorised, 3 levels left

rFire  . . .     SeeInvis .     k - +0 short sword
rCold  . . .     Gourm    .     q - +2 robe {MR+}
rNeg   . . .     Faith    .     (no shield)
rPois  .         Spirit   .     (no helmet)
rElec  .         Reflect  .     (no cloak)
rCorr  .         Harm     .     (no gloves)
MR     +....                    (no boots)
Stlth  ++........               i - amulet of magic regeneration
                                (no ring)
                                (no ring)

@: no status effects
A: no striking features
a: no special abilities


You were on level 3 of the Dungeon.
You were not hungry.

You visited 1 branch of the dungeon, and saw 3 of its levels.

You collected 102 gold pieces.

Inventory:

Hand Weapons
 k - a +0 short sword (weapon)
Armour
 a - a +0 robe
 q - a +2 robe of magic resistance (worn)
Jewellery
 i - an amulet of magic regeneration (around neck)
 t - an uncursed ring of flight {unknown}
Scrolls
 e - a scroll of random uselessness {unknown}
 f - 2 scrolls of magic mapping
 j - a scroll of remove curse
 l - 2 scrolls of recharging
 n - a scroll of amnesia
 r - a scroll of blinking {unknown}
 s - a scroll of noise {unknown}
Potions
 d - 2 potions of mutation {unknown}
 g - a potion of lignification {unknown}
 h - a potion of curing
 p - a potion of flight
Books
 b - a book of Conjurations

   Spells                             Type                      Level
   a - Magic Dart                     Conjuration                  1
   b - Searing Ray                    Conjuration                  2
   c - Dazzling Spray                 Conjuration/Hexes            3
   d - Fulminant Prism                Conjuration/Hexes            4
   e - Iskenderun's Mystic Blast      Conjuration                  4
   f - Iskenderun's Battlesphere      Conjuration/Charms           5
Comestibles
 c - 5 bread rations
 m - a beef jerky
 o - a meat ration


   Skills:
 + Level 1.8 Short Blades
 - Level 2.4 Dodging
 - Level 2.4 Stealth
 - Level 3.0 Spellcasting
 + Level 8.4 Conjurations


You had 3 spell levels left.
You knew the following spells:

 Your Spells              Type           Power        Failure   Level  Hunger
a - Magic Dart            Conj           ####         1%          1    None
b - Searing Ray           Conj           #####.       1%          2    ##.....
c - Iskenderun's Battles  Conj/Chrm      ###.....     82%         5    ######.


Dungeon Overview and Level Annotations

Branches:
Dungeon (3/15)

Altars:
Dithmenos
Ru

Annotations:
D:3 marsu's ghost, amateur MiGl


Message History

The magic dart hits marsu's ghost.
Marsu's ghost is heavily damaged.
Marsu's ghost hits you.
Casting: Magic Dart
Confirm with . or Enter, or press ? or * to list all spells.
Aiming: Searing Ray
Press: ? - help, Shift-Dir - straight line, f/p - marsu's ghost
Aim: marsu's ghost (heavily damaged)
The searing ray misses marsu's ghost.
Marsu's ghost misses you.
Casting: Searing Ray
Confirm with . or Enter, or press ? or * to list all spells.
Aiming: Magic Dart
Press: ? - help, Shift-Dir - straight line, f/p - marsu's ghost
Aim: marsu's ghost (heavily damaged)
The magic dart hits marsu's ghost.
Marsu's ghost is heavily damaged.
Marsu's ghost hits you!
* * * LOW HITPOINT WARNING * * *
Marsu's ghost hits you.
You die...

)[...# #.#..........#
.....# #.#.########.#
#...## #.#......#...
#...# #..........#
#...###########.##.####
'..........>..........#
#...##......##.#.#.##.#
#...##......#..W.#.##.#
#...##........##@#.##.#
#...#......##.#..#....#
###...................#
# #........###..#####.#
#........#.#........#
###.####.#.....######
#...#..#.#.#.#
###.#<.#.#.#.#
#........#.#


You could see marsu's ghost.

Vanquished Creatures
  Grinder (D:2)
  An orc wizard (D:3)
  3 gnolls (D:2)
  6 adders (D:2)
  3 worms
  2 dart slugs
  4 leopard geckos
  6 orcs (D:3)
  4 ball pythons
  2 giant cockroaches (D:1)
  8 goblins
  6 hobgoblins
  7 jackals
  2 quokkas
  3 bats
  2 frilled lizards
  4 kobolds
  8 rats
72 creatures vanquished.

Notes
Turn   | Place    | Note
-------+----------+-------------------------------------------
     0 | D:1      | HessuHobo the Deep Elf Conjurer began the quest for the Orb.
     0 | D:1      | Reached XP level 1. HP: 10/10 MP: 6/6
   166 | D:1      | Reached XP level 2. HP: 15/15 MP: 6/8
   178 | D:1      | Reached skill level 5 in Conjurations
   266 | D:1      | Learned a level 2 spell: Searing Ray
   518 | D:1      | Reached XP level 3. HP: 19/19 MP: 3/9
  1130 | D:2      | Reached skill level 6 in Conjurations
  1177 | D:2      | Reached XP level 4. HP: 22/24 MP: 5/10
  1753 | D:2      | Found a shadowy altar of Dithmenos.
  1753 | D:2      | Found a sacrificial altar of Ru.
  1819 | D:2      | Reached skill level 1 in Short Blades
  2228 | D:2      | Reached XP level 5. HP: 26/28 MP: 5/11
  2301 | D:2      | Learned a level 5 spell: Iskenderun's Battlesphere
  2718 | D:3      | Noticed marsu's ghost (amateur MiGl)
  3069 | D:3      | Reached skill level 7 in Conjurations
  3438 | D:3      | Noticed Grinder
  3483 | D:3      | Paralysed by Grinder for 3 turns
  3499 | D:3      | Paralysed by Grinder for 3 turns
  3798 | D:2      | Paralysed by Grinder for 5 turns
  3810 | D:2      | Killed Grinder
  3810 | D:2      | Reached skill level 8 in Conjurations
  3810 | D:2      | Reached XP level 6. HP: 16/32 MP: 10/12
  4229 | D:3      | Slain by marsu's ghost

Skill      XL: |  1  2  3  4  5 |
---------------+----------------+-----
Conjurations   | 5 6 8 |  8.4
Short Blades   | 1 |  1.8
Dodging        | |  2.4
Stealth        | |  2.4
Spellcasting   | |  3.0

Action                   |  1- 3 |  4- 6 || total
-------------------------+-------+-------++-------
Melee: Short sword       |    15 |    25 ||    40
       Unarmed           |     1 |       ||     1
 Cast: Magic Dart        |    68 |   117 ||   185
       Searing Ray       |       |     8 ||     8
  Use: Scroll            |       |     8 ||     8
       Potion            |       |     7 ||     7
  Eat: Chunk             |     1 |     6 ||     7
       Beef jerky        |       |     1 ||     1
       Meat ration       |       |     1 ||     1
Armor: Robe              |     5 |    23 ||    28
Dodge: Dodged            |    28 |    83 ||   111
